 Dungeon Crawl Stone Soup version 0.18.1-8-gdd0e5ea (webtiles) character file.

1175 Hipnos the Firebug (level 8, -5/51 HPs)
             Began as an Octopode Fire Elementalist on May 21, 2016.
             Was a Follower of Sif Muna.
             Slain by Duvessa
             ... wielding a +4 short sword of flaming
              (6 damage)
             ... on level 6 of the Dungeon.
             The game lasted 00:25:05 (6485 turns).

Hipnos the Firebug (Octopode Fire Elementalist)     Turns: 6485, Time: 00:25:09

Health: -5/51      AC:  1    Str: 13    XL:     8   Next: 41%
Magic:  15/15      EV: 20    Int: 19    God:    Sif Muna [*.....]
Gold:   304        SH:  0    Dex: 17    Spells: 4 memorised, 6 levels left

rFire  . . .     SeeInvis .     x - +1 falchion (flame)
rCold  . . .     Gourm    +     (no shield)
rNeg   . . .     Faith    .     (helmet restricted)
rPois  .         Spirit   .     v - amulet of the gourmand
rElec  .         Dismiss  .     l - ring of stealth
rCorr  .         Reflect  .     (no ring)
SustAt .         Harm     .     (no ring)
MR     .....                    (no ring)
Stlth  +++++.....               (no ring)
                                (no ring)
                                (no ring)
                                (no ring)

@: mighty, agile, about to teleport, not resistant to hostile enchantments,
quite stealthy
A: almost no armour, amphibious, 8 rings, constrict 8, camouflage 1, gelatinous
body 1
a: Channel Energy, Renounce Religion


You were on level 6 of the Dungeon.
You worshipped Sif Muna.
Sif Muna was aware of your devotion.
You were completely stuffed.

You visited 1 branch of the dungeon, and saw 6 of its levels.

You collected 304 gold pieces.

Inventory:

Hand Weapons
 t - a +0 dagger
 x - a +1 falchion of flaming (weapon)
Jewellery
 k - an uncursed amulet of magic regeneration
 l - a ring of stealth (left tentacle)
 v - an amulet of the gourmand (around mantle)
Scrolls
 e - 3 scrolls of recharging
 h - 5 scrolls of remove curse
 j - 3 scrolls of random uselessness {unknown}
 n - a scroll of teleportation
 o - 3 scrolls of noise
 r - 2 scrolls of enchant weapon
 w - 4 scrolls of identify
Potions
 s - a potion of agility
 z - a potion of beneficial mutation {unknown}
 A - a potion of cancellation {unknown}
Books
 a - a book of Flames

   Spells                             Type                      Level
   a - Flame Tongue                   Conjuration/Fire             1
   b - Throw Flame                    Conjuration/Fire             2
   c - Conjure Flame                  Conjuration/Fire             3
   d - Inner Flame                    Hexes/Fire                   3
   e - Sticky Flame                   Conjuration/Fire             4
   f - Fireball                       Conjuration/Fire             5
 p - a book of Conjurations

   Spells                             Type                      Level
   a - Magic Dart                     Conjuration                  1
   b - Searing Ray                    Conjuration                  2
   c - Dazzling Spray                 Conjuration/Hexes            3
   d - Fulminant Prism                Conjuration/Hexes            4
   e - Iskenderun's Mystic Blast      Conjuration                  4
   f - Iskenderun's Battlesphere      Conjuration/Charms           5
Miscellaneous
 f - a plain deck of war
Comestibles
 b - 6 bread rations
 c - 6 meat rations
 d - a beef jerky
 i - 3 fruits


   Skills:
 + Level 2.9 Fighting
 + Level 0.6 Long Blades
 + Level 4.8 Dodging
 - Level 2.6 Stealth
 - Level 0.6 Unarmed Combat
 + Level 4.7 Spellcasting
 + Level 4.1 Conjurations
 + Level 5.6 Fire Magic


You had 6 spell levels left.
You knew the following spells:

 Your Spells              Type           Power        Failure   Level  Hunger
a - Flame Tongue          Conj/Fire      ###..        1%          1    None
b - Throw Flame           Conj/Fire      ###...       2%          2    #......
c - Conjure Flame         Conj/Fire      ###.....     6%          3    ##.....
d - Sticky Flame          Conj/Fire      ###.....     17%         4    ####...


Dungeon Overview and Level Annotations

Branches:
Dungeon (6/15)
 Temple: D:4-7

Altars:
Cheibriados
Elyvilon
Nemelex Xobeh
Pakellas
Qazlal
Ru
Sif Muna
Xom
Yredelemnul
The Shining One

Shops:
D:4 }

Annotations:
D:6 Dowan, Duvessa


Innate Abilities, Weirdness & Mutations

You cannot wear most types of armour.
You are amphibious.
You can wear up to eight rings at the same time.
You can use your tentacles to constrict eight enemies at once.
Your skin changes colour to match your surroundings (Stealth).
Your rubbery body absorbs attacks (AC +1).


Message History

It was a potion of agility.
You feel agile all of a sudden.
The centaur shoots an arrow.
The arrow hits you.
* * * LOW HITPOINT WARNING * * *
The giant frog misses you.
The centaur shoots an arrow.
The arrow closely misses you. The giant frog barely misses you.
Drink which item? (? for menu, Esc to quit)
It was a potion of magic.
Magic courses through your body. The giant frog hits you.
* * * LOW HITPOINT WARNING * * *
The centaur shoots an arrow.
The arrow completely misses you.
A sky beast comes into view.
Drink which item? (? for menu, Esc to quit)
It was a potion of might.
You feel very mighty all of a sudden. The giant frog hits you.
* * * LOW HITPOINT WARNING * * *
The sky beast moves out of view.
Duvessa hits you with a short sword of flaming.
You die...

#..(....### #.
#.#..≈≈.≈≈# #.
########.##.≈#+#≈#######)
..........#..'_'.........
########..##≈#+#≈.#####..
......(...##≈≈.≈≈........
##.....(.................
#.......................
#......@...####.####....
#.....eFe............##.
#............#...#######
#######...c...... #
..........# #..........#
#........... .
............ ...h.....e..


You could see Duvessa, Dowan (inner flame), a giant frog (inner flame) and a
centaur (inner flame).

Vanquished Creatures
  2 black bears (D:5)
  A phantom (D:5)
  3 ogres
  A scorpion (D:4)
  A crimson imp (D:5)
  2 hounds (D:5)
  An orc priest (D:5)
  2 giant frog skeletons
  2 iguanas (D:6)
  3 worker ants
  A hound skeleton (D:4)
  7 gnolls
  10 adders
  An ooze (D:1)
  An adder skeleton (D:5)
  A worm (D:3)
  4 dart slugs
  4 giant geckos
  14 orcs
  5 giant cockroaches
  4 hobgoblins
  13 jackals
  4 kobolds
  3 quokkas
  8 ball pythons
  9 bats
  3 giant newts
  11 goblins
  4 rats
125 creatures vanquished.

Notes
Turn   | Place    | Note
--------------------------------------------------------------
     0 | D:1      | Hipnos the Octopode Fire Elementalist began the quest for the Orb.
     0 | D:1      | Reached XP level 1. HP: 11/11 MP: 3/3
   127 | D:1      | Reached XP level 2. HP: 17/17 MP: 0/5
   151 | D:1      | Learned a level 2 spell: Throw Flame
   773 | D:1      | Reached XP level 3. HP: 13/21 MP: 2/6
   901 | D:2      | Learned a level 3 spell: Conjure Flame
  1369 | D:2      | Reached XP level 4. HP: 9/27 MP: 2/7
  1664 | D:2      | Reached skill level 1 in Fighting
  2158 | D:2      | Reached skill level 4 in Fire Magic
  2179 | D:2      | Reached XP level 5. HP: 20/33 MP: 3/9
  2702 | D:3      | Found a snail-covered altar of Cheibriados.
  3232 | D:3      | Found a stormy altar of Qazlal.
  3232 | D:3      | Found a shimmering altar of Xom.
  3327 | D:2      | Reached XP level 6. HP: 15/38 MP: 6/10
  3634 | D:4      | Found Figas's Gadget Shop.
  3768 | D:4      | Learned a level 4 spell: Sticky Flame
  3949 | D:4      | Found a sparkling altar of Nemelex Xobeh.
  4166 | D:4      | Found a glowing golden altar of the Shining One.
  4169 | D:4      | Found a sparkling altar of Nemelex Xobeh.
  4172 | D:4      | Found a sacrificial altar of Ru.
  4180 | D:4      | Found a deep blue altar of Sif Muna.
  4184 | D:4      | Became a worshipper of Sif Muna the Loreminder
  4707 | D:4      | Reached XP level 7. HP: 35/45 MP: 12/12
  4812 | D:5      | Entered Level 5 of the Dungeon
  5343 | D:5      | Reached skill level 5 in Fire Magic
  5644 | D:5      | Found a basalt altar of Yredelemnul.
  5876 | D:5      | Found a white marble altar of Elyvilon.
  6041 | D:5      | Reached XP level 8. HP: 49/51 MP: 14/14
  6235 | D:5      | Reached * piety under Sif Muna
  6454 | D:6      | Found an oddly glowing altar of Pakellas.
  6473 | D:6      | Noticed Duvessa
  6474 | D:6      | Noticed Dowan
  6485 | D:6      | HP: 1/51 [giant frog (2)]
  6485 | D:6      | Slain by Duvessa

Skill      XL: |  1  2  3  4  5  6  7  8 |
---------------+-------------------------+-----
Fighting       | 1 2 |  2.9
Fire Magic     | 4 5 |  5.6
Dodging        | 3 4 |  4.8
Conjurations   | 2 3 4 |  4.1
Spellcasting   | 3 4 |  4.7
Long Blades    | |  0.6
Stealth        | |  2.6
Unarmed Combat | |  0.6

Action                   |  1- 3 |  4- 6 |  7- 9 || total
-------------------------+-------+-------+-------++-------
Melee: Unarmed           |    31 |   106 |    14 ||   151
       Constrict         |    10 |    36 |     9 ||    55
       Tentacles         |     3 |    27 |     7 ||    37
       Falchion          |       |       |    18 ||    18
 Cast: Flame Tongue      |    35 |    85 |    53 ||   173
       Throw Flame       |       |     4 |     2 ||     6
       Sticky Flame      |       |     1 |     3 ||     4
       Conjure Flame     |       |       |     5 ||     5
  Use: Scroll            |     4 |     1 |     4 ||     9
       Potion            |       |       |     8 ||     8
 Stab: Sleeping          |     8 |    16 |     2 ||    26
  Eat: Chunk             |     2 |    20 |     7 ||    29
Armor: Skin              |     5 |    13 |     2 ||    20
Dodge: Dodged            |    30 |   106 |    45 ||   181
